 Dungeon Sprint DCSS version 0.29.1-12-g30fa7ad0bf (webtiles) character file.

Game seed: 1162079025840785930

10993 Groucho the Unseen (level 11, -9/58 HPs)
             Began as a Spriggan Enchanter on Jan 8, 2023.
             Was a High Priest of Kikubaaqudgha.
             Killed from afar by a hellephant (34 damage)
             ... with a blast of flame
             ... in the Dungeon (Sprint II: "The Violet Keep of Menkaure").
             The game lasted 00:14:22 (1113 turns).

Groucho the Unseen (Spriggan Enchanter)             Turns: 1113, Time: 00:14:23

Health: -9/58      AC:  4    Str:  8    XL:     11   Next: 43%
Magic:  28/28      EV: 29    Int: 17    God:    Kikubaaqudgha [*****.]
Gold:   1112       SH:  0    Dex: 16    Spells: 23/34 levels left

rFire   + + .      SeeInvis +   a - +1 dagger
rCold   + . .      Faith    .   (no shield)
rNeg    . . .      Spirit   .   j - +2 robe {Archmagi}
rPois   +          Reflect  .   (helmet restricted)
rElec   +          Harm     .   c - scarf {shadows}
rCorr   +          Rampage  .   (gloves unavailable)
Will    +....      Archmagi +   (boots unavailable)
Stlth   +++....... NoTele   +   (no amulet)
HPRegen 0.19/turn               b - ring of protection from fire
MPRegen 0.21/turn               f - ring of flight

@: confused, resistant, on berserk cooldown, flying, slowed, quick
A: very small, no large weapons, unfitting armour, see invisible, speed 3
a: Renounce Religion, Unearth Wretches, Torment


You were in the Dungeon.
You worshipped Kikubaaqudgha.
Kikubaaqudgha was extremely pleased with you.
You visited 1 branch You collected 1965 gold pieces.
You spent 853 gold pieces at shops.

Inventory:

Hand Weapons
 a - a +1 dagger (weapon)
Armour
 c - a scarf of shadows (worn)
 j - a +2 robe of the Archmagi (worn)
 y - a +2 buckler
Jewellery
 b - a ring of protection from fire (left hand)
 f - a ring of flight (right hand)
 x - a +6 ring of dexterity
Wands
 l - a wand of digging (7)
Scrolls
 i - 4 scrolls of blinking
 m - a scroll of poison
 o - a scroll of amnesia
 q - a scroll of enchant armour
 s - a scroll of torment {unknown}
 t - a scroll of fog {unknown}
 u - a scroll of immolation {unknown}
 w - 2 scrolls of enchant weapon {unknown}
Potions
 d - 3 potions of curing
 e - a potion of heal wounds
 g - 5 potions of magic
 h - a potion of berserk rage
 n - a potion of degeneration
 p - 2 potions of lignification
 r - 2 potions of resistance
 v - 3 potions of flight


   Skills:
 + Level 6.4 Fighting
 - Level 10.0 Short Blades
 - Level 18.0 Dodging
 * Level 19.9 Stealth
 * Level 1.9 Shields
 - Level 12.0 Spellcasting
 - Level 14.0 Hexes
 * Level 10.0 Necromancy


You had 23 spell levels left.
You knew the following spells:

 Your Spells              Type           Power      Damage    Failure   Level
a - Ensorcelled Hibernat  Hex/Ice        100%       N/A       1%          2
b - Confusing Touch       Hex            72%        N/A       1%          3
c - Dazzling Flash        Conj/Hex       100%       N/A       1%          3
d - Tukima's Dance        Hex            72%        N/A       1%          3

Your spell library contained the following spells:

 Spells                   Type           Power      Damage    Failure   Level
 Necrotise                Necr           100%       1d9       1%          1
 Sublimation of Blood     Necr           60%        N/A       1%          2
 Anguish                  Hex/Necr       33%        N/A       1%          4
 Animate Dead             Necr           60%        N/A       1%          4
 Dispel Undead            Necr           60%        3d21      1%          4
 Corpse Rot               Necr/Pois/Air  32%        N/A       17%         4
 Death Channel            Necr           30%        N/A       17%         6
 Gell's Gravitas          Tloc           15%        N/A       21%         3
 Teleport Other           Tloc           15%        N/A       21%         3
 Borgnjor's Vile Clutch   Necr/Erth      20%        N/A       24%         5
 Simulacrum               Ice/Necr       20%        N/A       80%         6
 Dispersal                Tloc           7%         N/A       100%        6


Dungeon Overview and Level Annotations

Branches:
Dungeon (1/1)

Altars:
Cheibriados
Dithmenos
Elyvilon
Fedhas
Gozag
Hepliaklqana
Kikubaaqudgha
Makhleb
Nemelex Xobeh
Okawaru
Qazlal
Ru
Sif Muna
Trog
Uskayaw
Vehumet
Wu Jian
Xom
Yredelemnul
Zin
The Shining One
Jiyva
Lugonu

Shops:
D =!:(?[=(!:=?:?[

Annotations:
D exclusions: ice statue and oklob plant, Roxanne, Sonja


Innate Abilities, Weirdness & Mutations

You are very small and have problems with some larger weapons.
You are too small for most types of armour.
You have supernaturally acute eyesight. (SInv)
You cover ground extremely quickly. (Speed+++)


Message History

The blast of flame hits you. You resist.
You hit the hellephant.
The hellephant is almost dead.
You closely miss the hellephant.
The hellephant is almost dead.
You hit the hellephant but do no damage.
The hellephant is almost dead.
You puncture the hellephant!
The hellephant is almost dead.
The hellephant blinks!
The glowing orange brain pulsates.
Something tries to feed on your intellect!
You feel a strong urge to attack something.
You puncture the glowing orange brain!
The glowing orange brain is lightly wounded.
You puncture the glowing orange brain!
The glowing orange brain is moderately wounded.
The hellephant blinks!
You hit the glowing orange brain.
The glowing orange brain is moderately wounded.
You puncture the glowing orange brain!
The glowing orange brain is heavily wounded.
You hit the hellephant but do no damage.
The hellephant is almost dead.
The hellephant blinks!
The glowing orange brain pulsates.
You are confused.
You bump into the stone wall.
You feel a strong urge to attack something.
The hellephant blinks!
Unknown command.
You bump into the translucent unnaturally hard rock wall.
You are no longer berserk.
You are exhausted.
You feel yourself slow down. The hellephant breathes flames at you.
The blast of flame hits you!! You resist.
Ouch! That really hurt!
You die...
Kikubaaqudgha rasps: "You have failed me!
Welcome... death!"

##.# k#°"▓(..[[..)▓▓.⌠.▓
.'.##.#°°▓....)...▓▓..$▓
.#...####▓(....[.§▓▓..$▓
###^.##.#▓....§..)▓▓).$▓
..'..#.)#▓....[..Y▓▓.§.▓
.[#..#.÷#▓........▓▓.⌠.▓
###..##÷#▓..((..[.▓▓...▓
.###...##▓▓▓▓▓▓▓§▓▓▓▓'▓▓
...~~~~~~~~~~~§§@G.≈≈≈▓
..§~#'########§###.≈≈≈▓
~§.~#_._.....#~§~##≈≈≈▓
~~§~#._._....#~§§≈####▓▓▓▓▓
§~~~#_._._...#~~~§≈##..#..▓
≈~~~#._._._..#~§§≈§≈#.[#..▓
≈§≈~#_._._._.#§§~§~≈'..'..▓
##≈≈#._._._._#~~§§§§#.[#.†▓
)#≈≈#.._._._.#~~§≈§≈▓..#..▓


You could see a hellephant (catching breath) and a glowing orange brain.

Vanquished Creatures
  A deep elf master archer (D)
  A kraken (D)
  2 sphinxes (D)
  A draconian shifter (D)
  2 boulder beetles (D)
  A death yak (D)
  2 deep trolls (D)
  A yaktaur (D)
  3 polar bears (D)
  A hornet (D)
  A blink frog (D)
  5 wyverns (D)
  3 yaks (D)
  4 water moccasins (D)
  4 necrophages (D)
  3 worms (D)
35 creatures vanquished.

Vanquished Creatures (others)
  Menkaure (D)
  A water moccasin (D)
2 creatures vanquished.

Grand Total: 37 creatures vanquished

Notes
Turn   | Place    | Note
-------+----------+-------------------------------------------
     0 | D        | Groucho the Spriggan Enchanter began the quest for the Orb.
     0 | D        | Reached XP level 1. HP: 9/9 MP: 5/5
     3 | D        | Noticed a boulder beetle
     3 | D        | Noticed a boulder beetle
     6 | D        | Noticed a wyvern
     6 | D        | Noticed a wyvern
     9 | D        | Noticed a necrophage
     9 | D        | Noticed a necrophage
     9 | D        | Noticed a necrophage
     9 | D        | Noticed a necrophage
    16 | D        | Reached skill level 5 in Stealth
    23 | D        | Killed a necrophage
    24 | D        | Reached skill level 8 in Stealth
    24 | D        | Reached skill level 5 in Hexes
    24 | D        | Reached XP level 2. HP: 13/13 MP: 5/8
    24 | D        | Reached XP level 3. HP: 16/16 MP: 6/10
    24 | D        | Killed a necrophage
    25 | D        | Reached skill level 10 in Stealth
    25 | D        | Reached skill level 5 in Spellcasting
    25 | D        | Reached XP level 4. HP: 21/21 MP: 6/12
    27 | D        | Killed a necrophage
    28 | D        | Reached skill level 5 in Short Blades
    28 | D        | Reached skill level 11 in Stealth
    28 | D        | Reached XP level 5. HP: 24/24 MP: 6/14
    38 | D        | Reached skill level 12 in Stealth
    48 | D        | Killed a wyvern
    49 | D        | Reached skill level 14 in Stealth
    49 | D        | Reached XP level 6. HP: 27/28 MP: 7/18
    51 | D        | Killed a wyvern
    52 | D        | Reached skill level 15 in Stealth
    52 | D        | Reached XP level 7. HP: 31/32 MP: 7/20
    71 | D        | Killed a boulder beetle
    72 | D        | Reached skill level 16 in Stealth
    72 | D        | Reached skill level 10 in Spellcasting
    72 | D        | Reached skill level 10 in Hexes
    72 | D        | Reached XP level 8. HP: 36/36 MP: 9/23
    76 | D        | Learned a level 2 spell: Ensorcelled Hibernation
    80 | D        | Learned a level 3 spell: Confusing Touch
    84 | D        | Learned a level 3 spell: Dazzling Flash
    88 | D        | Learned a level 3 spell: Tukima's Dance
   281 | D        | Killed a boulder beetle
   282 | D        | Reached skill level 10 in Short Blades
   302 | D        | Found Mamionga's Book Shoppe.
   302 | D        | Found Tegecw's Magic Scroll Shoppe.
   302 | D        | Found Fiesh's Jewellery Emporium.
   302 | D        | Found Quoradamo's Magic Scroll Emporium.
   302 | D        | Found Fephyow's Distillery.
   302 | D        | Found Weitan's Book Shoppe.
   303 | D        | Found Kaleicsi's Weapon Emporium.
   307 | D        | Found Yrchem's Jewellery Shoppe.
   307 | D        | Found Moeweini's Antique Armour Emporium.
   307 | D        | Found Zesing's Antique Armour Emporium.
   318 | D        | Found Donuwk's Magic Scroll Shoppe.
   318 | D        | Found Viroekki's Antique Weapon Emporium.
   318 | D        | Noticed an oklob plant
   319 | D        | Found Mitwaem's Distillery.
   319 | D        | Found Qeggiass's Jewellery Emporium.
   319 | D        | Found Jyasef's Book Shoppe.
   323 | D        | Noticed a cane toad
   332 | D        | Noticed a great orb of eyes
   339 | D        | Killed Menkaure
   342 | D        | Noticed a cane toad
   356 | D        | Bought a ring of flight for 245 gold pieces
   359 | D        | Bought a glowing robe for 99 gold pieces
   375 | D        | Bought a ring of protection from fire for 275 gold pieces
   385 | D        | Bought a potion of invisibility for 104 gold pieces
   389 | D        | Bought a potion of might for 52 gold pieces
   389 | D        | Bought a potion of curing for 39 gold pieces
   389 | D        | Bought a potion of curing for 39 gold pieces
   423 | D        | Found an iron altar of Okawaru.
   423 | D        | Found a radiant altar of Vehumet.
   423 | D        | Found a glowing silver altar of Zin.
   424 | D        | Found a sparkling altar of Nemelex Xobeh.
   424 | D        | Found a hide-covered altar of Uskayaw.
   424 | D        | Found a basalt altar of Yredelemnul.
   425 | D        | Found an opulent altar of Gozag.
   425 | D        | Found a burning altar of Makhleb.
   425 | D        | Found a bloodstained altar of Trog.
   426 | D        | Found a blossoming altar of Fedhas.
   426 | D        | Found a corrupted altar of Lugonu.
   426 | D        | Found a shimmering blue altar of Sif Muna.
   427 | D        | Found a white marble altar of Elyvilon.
   427 | D        | Found an ancient bone altar of Kikubaaqudgha.
   429 | D        | Found a shadowy altar of Dithmenos.
   429 | D        | Found a viscous altar of Jiyva.
   430 | D        | Found a snail-covered altar of Cheibriados.
   431 | D        | Found a shimmering altar of Xom.
   431 | D        | Found a sacrificial altar of Ru.
   431 | D        | Found a hazy altar of Hepliaklqana.
   431 | D        | Noticed a hornet
   431 | D        | Noticed a polar bear
   432 | D        | Found a glowing golden altar of the Shining One.
   432 | D        | Found an ornate altar of the Wu Jian Council.
   432 | D        | Found a stormy altar of Qazlal.
   432 | D        | Noticed a yaktaur
   437 | D        | Became a worshipper of Kikubaaqudgha
   452 | D        | Noticed a deep elf master archer
   458 | D        | Killed a deep elf master archer
   459 | D        | Reached XP level 9. HP: 39/39 MP: 26/26
   464 | D        | Reached * piety under Kikubaaqudgha
   464 | D        | Received a gift from Kikubaaqudgha
   479 | D        | Reached ** piety under Kikubaaqudgha
   480 | D        | Reached skill level 15 in Dodging
   488 | D        | Noticed a death yak
   504 | D        | Killed a death yak
   505 | D        | Reached XP level 10. HP: 46/46 MP: 24/27
   542 | D        | Reached *** piety under Kikubaaqudgha
   542 | D        | Received a gift from Kikubaaqudgha
   548 | D        | Reached skill level 5 in Necromancy
   662 | D        | Noticed Roxanne
   669 | D        | Identified the +8 flail of Fiathya {vorpal, +Blink Fly
                  | Will+}
   676 | D        | Noticed an ice statue
   706 | D        | Reached **** piety under Kikubaaqudgha
   776 | D        | Noticed a kraken
   787 | D        | Killed a kraken
   788 | D        | Reached skill level 17 in Stealth
   810 | D        | Reached ***** piety under Kikubaaqudgha
   812 | D        | Noticed a deep troll
   813 | D        | Noticed a deep troll
   815 | D        | Killed a deep troll
   816 | D        | Reached skill level 5 in Fighting
   816 | D        | Killed a deep troll
   817 | D        | Reached skill level 18 in Stealth
   817 | D        | Reached XP level 11. HP: 56/56 MP: 28/28
   840 | D        | Noticed a sphinx
   841 | D        | Noticed a sphinx
   843 | D        | Killed a sphinx
   844 | D        | Killed a sphinx
   845 | D        | Reached skill level 19 in Stealth
   897 | D        | Found the +6 lightning scales {swift, rElec}
   903 | D        | Found the +15 Maxwell's patent armour {-Cast -Tele rElec
                  | Will+ rCorr}
  1079 | D        | Noticed Sonja
  1079 | D        | Noticed a hellephant
  1080 | D        | Noticed a purple draconian shifter
  1081 | D        | Noticed a glowing orange brain
  1085 | D        | Killed a purple draconian shifter
  1086 | D        | Reached skill level 1 in Shields
  1086 | D        | Reached skill level 10 in Necromancy
  1113 | D        | Killed from afar by a hellephant

Illustrated notes

Levels and vault maps discovered:
D:        the_violet_keep_of_menkaure [sprint2_stairs_cluster_1,
          sprint2_shoproom, sprint2_temple, sprint2_basic_supplies,
          sprint2_obstacle_2, sprint2_obstacle_6, sprint2_obstacle_5,
          sprint2_obstacle_4, sprint2_obstacle_1, sprint2_timed_cluster_1,
          sprint2_smallroom_cluster_1, sprint2_smallroom_final_cluster_1,
          sprint2_transparent_cluster_1, sprint2_second_timed_cluster_1,
          sprint2_sniper_area_1, sprint2_heavy_combat_area_1,
          sprint2_mutation_trap_area_1, sprint2_forest_area_1,
          sprint2_light_combat_area_1, sprint2_behind_water_1,
          sprint2_near_end_vault_1]

Skill      XL: |  1  2  3  4  5  6  7  8  9 10 11 |
---------------+----------------------------------+-----
Stealth        | 8 10 11 14 15 16 18 19 | 19.9
Spellcasting   | 4 5 6 8 10 12 | 12.0
Hexes          | 5 6 8 10 14 | 14.0
Short Blades   | 3 4 5 6 7 9 10 | 10.0
Dodging        | 12 15 17 18 | 18.0
Fighting       | 2 5 6 |  6.4
Necromancy     | 3 8 10 | 10.0
Shields        | 1 |  1.9

Action                   |  1- 3 |  4- 6 |  7- 9 | 10-12 || total
-------------------------+-------+-------+-------+-------++-------
Melee: Dagger            |     3 |    10 |    25 |    63 ||   101
       Punch             |       |       |     1 |       ||     1
 Cast: Ensorcelled Hiber |       |       |     4 |     5 ||     9
       Confusing Touch   |       |       |     1 |     3 ||     4
  Use: Potion            |     2 |       |     1 |     5 ||     8
       Scroll            |       |       |       |     7 ||     7
 Stab: Sleeping          |     3 |     3 |    10 |    11 ||    27
       Invisible         |       |     1 |     2 |     4 ||     7
       Confused          |       |       |     2 |     4 ||     6
Armor: Robe              |       |       |       |     1 ||     1
Dodge: Dodged            |       |     2 |     4 |    33 ||    39
